 Dungeon Crawl Stone Soup version 0.29.1-2-gbd0b4ee654 (webtiles) character file.

Game seed: 9545827379069904485

4200 Hiippo the Covert (level 10, 0/123 HPs)
             Began as a Gnoll Delver on Dec 1, 2022.
             Was an Initiate of Cheibriados.
             Slain by a two-headed ogre
             ... wielding a +0 giant spiked club
              (22 damage)
             ... on level 8 of the Dungeon.
             The game lasted 00:56:34 (10500 turns).

Hiippo the Covert (Gnoll Delver)                   Turns: 10500, Time: 00:56:34

Health: 0/123      AC: 25    Str: 12    XL:     10   Next: 29%
Magic:  18/18      EV:  2    Int: 12    God:    Cheibriados [......]
Gold:   216        SH:  0    Dex: 18    Spells: 18/19 levels left

rFire   . . .      SeeInvis .   r - +2 short sword (flame)
rCold   . . .      Faith    +   (no shield)
rNeg    . . .      Spirit   .   (body armour currently unavailable)
rPois   +          Reflect  .   (helmet currently unavailable)
rElec   .          Harm     .   (cloak currently unavailable)
rCorr   .          Rampage  .   (gloves currently unavailable)
Will    .....      NoTele   +   (boots currently unavailable)
Stlth   +++++.....              b - amulet of faith
HPRegen 0.30/turn               F - ring of poison resistance
MPRegen 0.16/turn               (no ring)

@: tree-form, very slow
A: stationary, stasis, torment immunity, boosted hp, (fangs 1), strong nose,
distributed training
a: Renounce Religion


You were on level 8 of the Dungeon.
You worshipped Cheibriados.
Cheibriados was noncommittal.
You were a tree.
You visited 2 branches of the dungeon, and saw 9 of its levels.

You collected 527 gold pieces.
You spent 311 gold pieces at shops.

Inventory:

Hand Weapons
 k - a +1 vorpal long sword
 r - a +2 short sword of flaming (weapon)
 D - the +6 shortbow of Causality {venom, Dex+7}
   (You bought it in a shop on level 4 of the Dungeon)

   Any ammunition fired from it poisons the flesh of those it strikes.
   Dex:       It affects your dexterity (+7).
Missiles
 v - 4 silver javelins (quivered)
 y - 90 stones
Armour
 f - a +2 chain mail of cold resistance
 j - a +0 robe
 x - a +0 kite shield
 A - a +0 helmet (melded)
 B - a +0 pair of gloves (melded)
 L - a +0 robe of resistance (melded)
Jewellery
 b - an amulet of faith (around neck)
 F - a ring of poison resistance (left branch)
Wands
 g - a wand of digging (9)
 M - a wand of flame (13)
Scrolls
 a - 3 scrolls of immolation
 c - 2 scrolls of fog
 d - 3 scrolls of magic mapping
 e - 3 scrolls of enchant weapon
 h - a scroll of brand weapon
 l - 3 scrolls of enchant armour
 n - a scroll of silence
 s - a scroll of blinking
 t - a scroll of noise
 G - a scroll of poison {unknown}
 I - 3 scrolls of acquirement {unknown}
 J - a scroll of teleportation {unknown}
 K - a scroll of amnesia {unknown}
Potions
 i - 2 potions of mutation {unknown}
 m - 2 potions of brilliance {unknown}
 o - a potion of cancellation
 p - 6 potions of curing
 q - a potion of might {unknown}
 u - a potion of ambrosia
 w - a potion of experience
 z - a potion of lignification
 C - a potion of degeneration
 E - 3 potions of heal wounds
 H - a potion of berserk rage {unknown}
 N - a potion of resistance {unknown}


   Skills:
 + Level 8.5 Fighting
 + Level 7.1 Short Blades
 + Level 5.3 Long Blades
 + Level 5.3 Axes
 + Level 5.3 Maces & Flails
 + Level 5.3 Polearms
 + Level 5.3 Staves
 + Level 5.3 Ranged Weapons
 + Level 5.3 Throwing
 + Level 5.3 Armour
 + Level 7.1 Dodging
 + Level 11.0 Stealth
 + Level 5.3 Shields
 + Level 5.3 Unarmed Combat
 + Level 5.3 Spellcasting
 + Level 4.4 Conjurations
 + Level 4.4 Hexes
 + Level 4.4 Summonings
 + Level 4.4 Necromancy
 + Level 4.4 Translocations
 + Level 4.4 Transmutations
 + Level 4.4 Fire Magic
 + Level 4.4 Ice Magic
 + Level 4.4 Air Magic
 + Level 4.4 Earth Magic
 + Level 4.4 Poison Magic
 + Level 5.9 Invocations
 + Level 5.3 Evocations


You had 18 spell levels left.
You knew the following spells:

 Your Spells              Type           Power      Damage    Failure   Level
a - Necrotise             Necr           52%        1d6       3%          1

Your spell library contained the following spells:

 Spells                   Type           Power      Damage    Failure   Level
 Vampiric Draining        Necr           13%        2d6       10%         3
 Agony                    Necr           13%        N/A       65%         5
 Dispersal                Tloc           6%         N/A       99%         6
 Disjunction              Tloc           6%         N/A       100%        8


Dungeon Overview and Level Annotations

Branches:
Dungeon (8/15)             Temple (1/1) D:7
   Lair: D:8-11

Altars:
Cheibriados
Dithmenos
Fedhas
Gozag
Hepliaklqana
Kikubaaqudgha
Makhleb
Okawaru
Ru
Sif Muna
Wu Jian
Yredelemnul
Zin
The Shining One

Shops:
D:4 (   D:6 (


Innate Abilities, Weirdness & Mutations

You are a tree.
Your roots penetrate the ground, keeping you stationary.
You cannot be teleported.
You are immune to unholy pain and torment.
Your maximum health is greatly increased.
Your equipment is partially melded.
((You have very sharp teeth.))
Your uncanny sense of smell can sniff out nearby items.
Your experience applies equally to all skills.


Message History

The two-headed ogre closely misses you.
The two-headed ogre hits you with a +0 giant club!
There is an open door here.
Okay, then.
Really quaff the potion of lignification?
You turn into a tree.
Your +0 helmet melds into your body.
Your +0 pair of gloves melds into your body.
Your +0 robe of resistance melds into your body.
You feel hot and cold all over.
Your roots penetrate the ground.
The two-headed ogre hits you with a +0 giant spiked club.
The two-headed ogre hits you but does no damage.
Really attack while wielding the +6 shortbow of Causality {venom, Dex+7}? [Y]es or [N]o only, please.
Really attack while wielding the +6 shortbow of Causality {venom, Dex+7}? [Y]es or [N]o only, please.
Really attack while wielding the +6 shortbow of Causality {venom, Dex+7}? [Y]es or [N]o only, please.
Really attack while wielding the +6 shortbow of Causality {venom, Dex+7}? [Y]es or [N]o only, please.
Really attack while wielding the +6 shortbow of Causality {venom, Dex+7}?
Okay, then.
The +6 shortbow of Causality {venom, Dex+7} stops dripping with poison.
Your +2 short sword of flaming bursts into flame!
r - a +2 short sword of flaming (weapon)
You closely miss the two-headed ogre.
The two-headed ogre hits you with a +0 giant spiked club!
* * * LOW HITPOINT WARNING * * *
The two-headed ogre hits you with a +0 giant club!
* * * LOW HITPOINT WARNING * * *
You hit the two-headed ogre but do no damage.
You hit the two-headed ogre but do no damage.
The two-headed ogre completely misses you.
The two-headed ogre hits you with a +0 giant club.
* * * LOW HITPOINT WARNING * * *
You hit the two-headed ogre. You burn the two-headed ogre.
The two-headed ogre is lightly wounded.
You hit the two-headed ogre. You burn the two-headed ogre.
The two-headed ogre is lightly wounded.
The two-headed ogre hits you with a +0 giant spiked club!!
You die...

....S.#..# #.)#####
.$.....))# # #<....#
......##O##.#
##....#### ...##
#....# #..##....# #
####)########+###'#.#
#..).....##.#.....# #
#........##.#.###.#
#...........#.....#
#.........#O♣.._..+
#........####.....#
#........####.###.#
########...##.. ..#
###.##+###+# #...
#####


You could see a two-headed ogre.

Vanquished Creatures
  A wyvern (D:7)
  Menkaure (D:5)
  2 water moccasins
  Duvessa (D:7)
  An orc warrior (D:7)
  2 sky beasts
  4 black bears
  2 ice beasts (D:5)
  3 ogres
  A centaur (D:7)
  A wolf (D:8)
  4 phantoms
  2 bullfrogs (D:6)
  A necrophage (D:6)
  Blork the orc (D:5)
  A scorpion (D:5)
  9 wights (D:8)
  Dowan (D:7)
  9 killer bees (D:7)
  2 electric eels (D:8)
  2 orc priests
  11 hounds
  A jelly (D:6)
  3 iguanas
  5 orc wizards
  2 adders (D:3)
  3 gnolls
  2 shadow imps
  A white imp (D:6)
  2 dart slugs
  28 orcs
  2 bats
  8 endoplasms
  3 giant cockroaches
  6 goblins
  10 hobgoblins
  4 quokkas
  8 ball pythons
  5 frilled lizards
  11 kobolds
  6 rats
172 creatures vanquished.

Notes
Turn   | Place    | Note
-------+----------+-------------------------------------------
     0 | D:5      | Reached skill level 9 in Stealth
     0 | D:5      | Hiippo the Gnoll Delver began the quest for the Orb.
     0 | D:5      | Reached XP level 1. HP: 23/23 MP: 1/1
    48 | D:4      | Noticed an ogre
    85 | D:3      | Reached XP level 2. HP: 14/29 MP: 2/2
   805 | D:2      | Reached XP level 3. HP: 34/35 MP: 3/3
  1299 | D:1      | Reached skill level 1 in Invocations
  1585 | D:1      | Reached skill level 1 in Long Blades
  1585 | D:1      | Reached skill level 1 in Axes
  1585 | D:1      | Reached skill level 1 in Maces & Flails
  1585 | D:1      | Reached skill level 1 in Polearms
  1585 | D:1      | Reached skill level 1 in Staves
  1585 | D:1      | Reached skill level 1 in Ranged Weapons
  1585 | D:1      | Reached skill level 1 in Throwing
  1585 | D:1      | Reached skill level 1 in Armour
  1585 | D:1      | Reached skill level 1 in Shields
  1585 | D:1      | Reached skill level 1 in Unarmed Combat
  1585 | D:1      | Reached skill level 1 in Spellcasting
  1585 | D:1      | Reached skill level 1 in Evocations
  1732 | D:1      | Reached XP level 4. HP: 35/41 MP: 5/5
  2503 | D:3      | Found a hazy altar of Hepliaklqana.
  2506 | D:3      | Found a shimmering blue altar of Sif Muna.
  2790 | D:3      | Reached skill level 1 in Conjurations
  2790 | D:3      | Reached skill level 1 in Hexes
  2790 | D:3      | Reached skill level 1 in Summonings
  2790 | D:3      | Reached skill level 1 in Necromancy
  2790 | D:3      | Reached skill level 1 in Translocations
  2790 | D:3      | Reached skill level 1 in Transmutations
  2790 | D:3      | Reached skill level 1 in Fire Magic
  2790 | D:3      | Reached skill level 1 in Ice Magic
  2790 | D:3      | Reached skill level 1 in Air Magic
  2790 | D:3      | Reached skill level 1 in Earth Magic
  2790 | D:3      | Reached skill level 1 in Poison Magic
  2939 | D:3      | Found an opulent altar of Gozag.
  2963 | D:3      | Found an ornate altar of the Wu Jian Council.
  3102 | D:3      | Noticed a spectral centipede
  3102 | D:3      | Noticed a spectral black mamba
  3102 | D:3      | Noticed a spectral cane toad
  3463 | D:3      | Reached XP level 5. HP: 37/47 MP: 5/7
  3832 | D:3      | Reached XP level 6. HP: 12/53 MP: 8/8
  4110 | D:4      | Reached skill level 5 in Short Blades
  4110 | D:4      | Reached skill level 5 in Dodging
  4564 | D:4      | Found Ribokh's Antique Weapon Shoppe.
  4574 | D:4      | Bought a polished shortbow for 176 gold pieces
  4574 | D:4      | Identified the +6 shortbow of Causality {venom, Dex+7} (You
                  | bought it in a shop on level 4 of the Dungeon)
  4771 | D:4      | Noticed a black bear
  4977 | D:4      | Killed a black bear
  4978 | D:4      | Reached XP level 7. HP: 60/60 MP: 10/10
  5150 | D:4      | Found a glowing silver altar of Zin.
  5244 | D:5      | Noticed Blork the orc
  5246 | D:5      | Killed Blork the orc
  5308 | D:5      | Reached skill level 10 in Stealth
  5468 | D:5      | Found a burning altar of Makhleb.
  5537 | D:5      | Found a sacrificial altar of Ru.
  5569 | D:5      | Reached XP level 8. HP: 63/67 MP: 12/12
  6013 | D:5      | Noticed Menkaure
  6352 | D:5      | Killed Menkaure
  7127 | D:6      | Found Wisuus Kanie's Antique Weapon Emporium.
  7146 | D:6      | Reached XP level 9. HP: 45/73 MP: 14/14
  7159 | D:6      | Bought a glowing dagger for 135 gold pieces
  7971 | D:6      | Learned a level 1 spell: Necrotise
  8554 | D:7      | Reached skill level 5 in Invocations
  8900 | D:7      | Found a staircase to the Ecumenical Temple.
  8924 | Temple   | Entered the Ecumenical Temple
  9489 | D:7      | Noticed Duvessa
  9490 | D:7      | Noticed Dowan
  9498 | D:7      | Killed Duvessa
  9499 | D:7      | Reached skill level 5 in Long Blades
  9499 | D:7      | Reached skill level 5 in Axes
  9499 | D:7      | Reached skill level 5 in Maces & Flails
  9499 | D:7      | Reached skill level 5 in Polearms
  9499 | D:7      | Reached skill level 5 in Staves
  9499 | D:7      | Reached skill level 5 in Ranged Weapons
  9499 | D:7      | Reached skill level 5 in Throwing
  9499 | D:7      | Reached skill level 5 in Armour
  9499 | D:7      | Reached skill level 5 in Shields
  9499 | D:7      | Reached skill level 5 in Unarmed Combat
  9499 | D:7      | Reached skill level 5 in Spellcasting
  9499 | D:7      | Reached skill level 5 in Evocations
  9499 | D:7      | Reached XP level 10. HP: 73/81 MP: 17/17
  9502 | D:7      | Killed Dowan
  9818 | Temple   | Became a worshipper of Cheibriados the Contemplative
  9994 | D:8      | Found a shadowy altar of Dithmenos.
 10163 | D:8      | Reached skill level 11 in Stealth
 10481 | D:8      | Noticed a two-headed ogre
 10500 | D:8      | Slain by a two-headed ogre

Illustrated notes

Levels and vault maps discovered:
D:1:      tarquinn_simple_flora_water_d, layout_basic
D:2:      layout_loops_ring
D:3:      layout_basic, nicolae_gozag_seed_capital,
          pdpol_wu_jian_five_deadly_venoms, mainiacjoe_overflow_large_starburst
D:4:      layout_loops_ring, kennysheep_mini, serial_shops,
          nicolae_lakefront_shop, grunt_ministairs_3
D:5:      layout_loops_corners, bloody_makhleb, nicolae_ru_the_path_less_chosen,
          uniq_blork_the_orc, uniq_menkaure
D:6:      layout_basic, serial_shops, nicolae_shop_window_shopping
D:7:      layout_cave_pods, minmay_temple_entry_junction_2, minmay_liquid_box,
          uniq_duvessa
D:8:      layout_rooms, lemuel_crystal_altar,
          mainiacjoe_overflow_six_doors_small, erik_lair_island, uniq_psyche
Temple:   hellmonk_temple_two_chambers

Skill      XL: |  1  2  3  4  5  6  7  8  9 10 |
---------------+-------------------------------+-----
Stealth        | 10 11 | 11.0
Invocations    | 1 2 3 4 5 |  5.9
Long Blades    | 1 2 3 5 |  5.3
Axes           | 1 2 3 5 |  5.3
Maces & Flails | 1 2 3 5 |  5.3
Polearms       | 1 2 3 5 |  5.3
Staves         | 1 2 3 5 |  5.3
Ranged Weapons | 1 2 3 5 |  5.3
Throwing       | 1 2 3 5 |  5.3
Armour         | 1 2 3 5 |  5.3
Shields        | 1 2 3 5 |  5.3
Unarmed Combat | 1 2 3 5 |  5.3
Spellcasting   | 1 2 3 5 |  5.3
Evocations     | 1 2 3 5 |  5.3
Conjurations   | 1 2 3 4 |  4.4
Hexes          | 1 2 3 4 |  4.4
Summonings     | 1 2 3 4 |  4.4
Necromancy     | 1 2 3 4 |  4.4
Translocations | 1 2 3 4 |  4.4
Transmutations | 1 2 3 4 |  4.4
Fire Magic     | 1 2 3 4 |  4.4
Ice Magic      | 1 2 3 4 |  4.4
Air Magic      | 1 2 3 4 |  4.4
Earth Magic    | 1 2 3 4 |  4.4
Poison Magic   | 1 2 3 4 |  4.4
Short Blades   | 5 6 7 |  7.1
Dodging        | 5 6 7 |  7.1
Fighting       | 7 8 |  8.5

Action                   |  1- 3 |  4- 6 |  7- 9 | 10-12 || total
-------------------------+-------+-------+-------+-------++-------
Melee: Short sword       |    42 |    79 |    12 |     5 ||   138
       Bite              |     5 |    10 |     1 |       ||    16
       Long sword        |    59 |    27 |       |       ||    86
       Punch             |     5 |       |     4 |       ||     9
       Shortbow          |       |       |     2 |       ||     2
 Fire: Shortbow          |       |     6 |   216 |    58 ||   280
Throw: Stone             |     2 |     4 |       |       ||     6
       Javelin           |     1 |     3 |       |       ||     4
 Cast: Necrotise         |       |       |       |     3 ||     3
  Use: Scroll            |       |     1 |    12 |       ||    13
       Potion            |       |       |     3 |     1 ||     4
 Stab: Sleeping          |    20 |     7 |     2 |       ||    29
       Distracted        |       |     1 |       |       ||     1
Armor: Leather armour    |    23 |    15 |     2 |       ||    40
       Robe              |       |       |    32 |     4 ||    36
       Skin              |       |       |       |     1 ||     1
Dodge: Dodged            |    67 |    50 |   141 |    35 ||   293
Block: Kite shield       |     1 |    37 |       |       ||    38
